 Dungeon Crawl Stone Soup version 0.28.0 (webtiles) character file.

Game seed: 12478619133862006038

35 Akaron the Insei (level 3, 0/23 HPs)
             Began as an Octopode Transmuter on Feb 13, 2022.
             Succumbed to an adder's poison
             ... on level 2 of the Dungeon.
             The game lasted 00:01:23 (1167 turns).

Akaron the Insei (Octopode Transmuter)              Turns: 1167, Time: 00:01:24

Health: 0/23       AC:  1    Str:  9    XL:     3   Next: 33%
Magic:  6/6        EV: 13    Int: 15    God:
Gold:   44         SH:  0    Dex: 14    Spells: 0/6 levels left

rFire   . . .      SeeInvis .     - Unarmed
rCold   . . .      Faith    .   (no shield)
rNeg    . . .      Spirit   .   (helmet currently unavailable)
rPois   .          Reflect  .   (no amulet)
rElec   .          Harm     .   (no ring)
rCorr   .          Rampage  .   (no ring)
Will    .....                   (no ring)
Stlth   +++.......              (no ring)
HPRegen 0.07/turn               (no ring)
MPRegen 0.10/turn               (no ring)
                                (no ring)
                                (no ring)

@: lethally poisoned (0 -> -2), appendages (expiring)
A: tentacle spike 3, almost no armour, amphibious, 8 rings, camouflage 1,
gelatinous body 1, (nimble swimmer 1), tentacles
a: End Transformation


You were on level 2 of the Dungeon.
One of your tentacles had grown a beastly spike.
You visited 1 branch of the dungeon, and saw 2 of its levels.

You collected 44 gold pieces.

Inventory:

Scrolls
 a - a scroll of teleportation {unknown}
 b - a scroll of enchant weapon {unknown}
 d - a scroll of fear {unknown}
 e - a scroll of blinking {unknown}
Potions
 c - a potion of invisibility {unknown}


   Skills:
 + Level 1.0 Fighting
 + Level 2.1 Dodging
 + Level 0.8 Stealth
 + Level 3.5 Unarmed Combat
 + Level 2.3 Spellcasting
 + Level 2.2 Transmutations
 * Level 1.1 Poison Magic


You couldn't memorise any spells.
You knew the following spells:

 Your Spells              Type           Power      Damage    Failure   Level
a - Beastly Appendage     Tmut           16%        N/A       9%          1
b - Wereblood             Tmut           8%         N/A       13%         2
c - Spider Form           Tmut/Pois      6%         N/A       32%         3

Your spell library contained the following spells:

 Spells                   Type           Power      Damage    Failure   Level
 Ice Form                 Ice/Tmut       5%         N/A       80%         4


Dungeon Overview and Level Annotations

Branches:
Dungeon (2/15)

Altars:


Innate Abilities, Weirdness & Mutations

One of your tentacles has grown a beastly spike.
You cannot wear most types of armour.
You are amphibious.
You can wear up to eight rings at the same time.
Your skin changes colour to match your surroundings (Stealth+).
Your rubbery body absorbs attacks. (AC +1, EV +1)
((You are camouflaged when in or above water. (Stealth+)))
You have tentacles for arms and can constrict up to eight enemies at once.


Message History

Your transformation is almost over.
Your tentacle spike disappears.
You see here a ball python corpse.
e - a scroll labelled VINAUK FUFYDE An adder comes into view.
Found a stone staircase leading down.
One of your tentacles grows a vicious spike.
A worm comes into view.
The adder hisses angrily.
The worm moves out of view.
You closely miss the adder. You grab the adder. You constrict the adder.
The adder closely misses you.
You tentacle-slap the adder.
You pierce the adder, but do no damage.
The adder is moderately wounded.
You constrict the adder. The adder bites you.
You are poisoned.
The adder poisons you!
You tentacle-slap the adder.
You pierce the adder, but do no damage.
The adder is almost dead.
You constrict the adder.
You kill the adder!
You feel sick.
Found 12 gold pieces.
Your transformation is almost over.
You feel sick.
A worm is nearby!
A ball python comes into view.
You feel sick.
You feel sick. The worm bites you!
* * * LOW HITPOINT WARNING * * *
You are too injured to fight recklessly!
You are too injured to fight recklessly!
You tentacle-slap the worm. You grab the worm.
You pierce the worm.
The worm is severely wounded.
You constrict the worm.
* * * LOW HITPOINT WARNING * * *
You feel sick.
You tentacle-slap the worm.
You kill the worm!
You die...

#...# ....#
#...# #...#
#...####...#
+....†.....#
#...<####..#
#..........##
####..##..†.#
....##....##
#.......@.#
######..†.#
......>#
..........
...........
..........$.
..S..........
#####+########


You could see a ball python (asleep).

Vanquished Creatures
  An adder (D:2)
  A worm (D:2)
  A dart slug (D:1)
  2 bats (D:1)
  2 endoplasms (D:1)
  5 goblins (D:1)
  A hobgoblin (D:1)
  2 quokkas (D:1)
  2 ball pythons
  2 frilled lizards (D:1)
  4 kobolds (D:1)
  2 rats
25 creatures vanquished.

Notes
Turn   | Place    | Note
-------+----------+-------------------------------------------
     0 | D:1      | Akaron the Octopode Transmuter began the quest for the Orb.
     0 | D:1      | Reached XP level 1. HP: 13/13 MP: 3/3
   562 | D:1      | Reached XP level 2. HP: 18/18 MP: 3/5
   682 | D:1      | Found a faded altar of an unknown god.
   977 | D:1      | Reached XP level 3. HP: 23/23 MP: 4/6
  1088 | D:2      | Reached skill level 1 in Poison Magic
  1091 | D:2      | Learned a level 2 spell: Wereblood
  1095 | D:2      | Learned a level 3 spell: Spider Form
  1166 | D:2      | HP: 1/23 [poisoned by an adder]
  1167 | D:2      | Succumbed to an adder's poison

Illustrated notes

Levels and vault maps discovered:
D:1:      scummos_arrival_simple_crosswalls, layout_basic,
          basic_ecumenical_altar, chequers_serial_rivers_room_a
D:2:      layout_basic, uniq_terence

Skill      XL: |  1  2  3 |
---------------+----------+-----
Poison Magic   | 1 |  1.1
Fighting       | |  1.0
Dodging        | |  2.1
Stealth        | |  0.8
Unarmed Combat | |  3.5
Spellcasting   | |  2.3
Transmutations | |  2.2

Action                   || total
-------------------------++-------
Melee: Unarmed           ||    50
       Constrict         ||    17
       Kick              ||    13
       Tentacles         ||     6
       Punch             ||     1
 Cast: Beastly Appendage ||    15
 Stab: Sleeping          ||     3
Armor: Skin              ||     5
Dodge: Dodged            ||    30
